 Dungeon Crawl Stone Soup version 0.25-a0-1133-g93ebf73 (webtiles) character file.

Game seed: 13281874977473731481, levelgen mode: deterministic

476 BlueFish the Insei (level 7, -3/46 HPs)
             Began as an Octopode Warper on May 23, 2020.
             Slain by a worker ant (6 damage)
             ... on level 4 of the Dungeon.
             The game lasted 00:13:20 (4101 turns).

BlueFish the Insei (Octopode Warper)                Turns: 4101, Time: 00:13:20

Health: -3/46      AC:  1    Str: 12    XL:     7   Next: 10%
Magic:  8/10       EV: 14    Int: 15    God:
Gold:   139        SH:  0    Dex: 12    Spells: 1/11 levels left

rFire    . . .     SeeInvis .     - Unarmed
rCold    . . .     Gourm    .   (no shield)
rNeg     . . .     Faith    .   (helmet restricted)
rPois    .         Spirit   .   (no amulet)
rElec    .         Reflect  .   g - ring of attention
rCorr    .         Harm     .   (no ring)
MR       .....                  (no ring)
Stlth    ++........             (no ring)
HPRegen  0.15/turn              (no ring)
MPRegen  0.12/turn              (no ring)
                                (no ring)
                                (no ring)

@: hasted, very quick
A: almost no armour, stealthy swim, amphibious, 8 rings, constrict 8, camouflage
1, gelatinous body 1
a: no special abilities


You were on level 4 of the Dungeon.
You were near starving.

You visited 1 branch of the dungeon, and saw 4 of its levels.

You collected 139 gold pieces.

Inventory:

Missiles
 c - 5 boomerangs of dispersal (quivered)
 j - 85 stones
 m - 16 poisoned darts
Jewellery
 g - a ring of attention (left tentacle)
 u - an uncursed ring of stealth
Scrolls
 b - a scroll of blinking
 s - a scroll of remove curse
Potions
 a - a potion of degeneration {unknown}
 f - 2 potions of mutation
 k - a potion of haste
 o - 2 potions of cancellation
 q - 2 potions of lignification
Comestibles
 d - 7 rations


   Skills:
 * Level 3.0 Fighting
 * Level 1.9 Throwing
 * Level 3.7 Dodging
 * Level 3.8 Stealth
 * Level 4.4 Unarmed Combat
 + Level 2.5 Spellcasting
 + Level 1.0 Charms
 * Level 3.6 Translocations


You had one spell level left.
You knew the following spells:

 Your Spells              Type           Power        Failure   Level  Hunger
a - Shroud of Golubria    Chrm/Tloc      #.....       12%         2    ###....
b - Blink                 Tloc           N/A          8%          2    ###....
c - Lesser Beckoning      Tloc           ##........   14%         3    ###....
d - Teleport Other        Tloc           ##......     14%         3    ###....

Your spell library contained the following spells:

 Spells                   Type           Power        Failure   Level  Hunger
 Apportation              Tloc           ##....       4%          1    #......
 Animate Skeleton         Necr           N/A          22%         1    #......
 Corona                   Hex            #......      22%         1    #......
 Summon Small Mammal      Summ           #...         22%         1    #......
 Gell's Gravitas          Tloc           ##........   14%         3    ###....
 Passage of Golubria      Tloc           N/A          43%         4    #####..


Dungeon Overview and Level Annotations

Branches:
Dungeon (4/15)             Temple (0/1) D:4

Altars:
Yredelemnul


Innate Abilities, Weirdness & Mutations

You cannot wear most types of armour.
You are very stealthy in the water. (Stealth+)
You are amphibious.
You can wear up to eight rings at the same time.
You can use your tentacles to constrict eight enemies at once.
Your skin changes colour to match your surroundings (Stealth+).
Your rubbery body absorbs attacks. (AC +1, EV +1)


Message History

You barely miss the orc priest. Your grab misses the orc priest.
You constrict the orc.
You feel sick. The hound bites you. The orc hits you with a +0 club.
The worker ant bites you!
* * * LOW HITPOINT WARNING * * *
The orc priest completely misses you. The hound misses you.
You feel better.
You constrict the orc.
You kill the orc!
The worker ant bites you. The hound closely misses you.
The orc priest looks satisfied for a moment.
You tentacle-slap the orc priest. Your grab misses the orc priest.
The orc priest is heavily wounded.
The hound bites you.
* * * LOW HITPOINT WARNING * * *
The worker ant misses you.
You feel yourself speed up. The hound bites you.
* * * LOW HITPOINT WARNING * * *
The orc priest hits you with a +0 hand axe.
* * * LOW HITPOINT WARNING * * *
The worker ant bites you.
You die...

....#.......##
............)#
.......#....#########
...........###.#....##
............#........#*
.........(..........#,##
..##.#.......%......#..#
..######.......h.....>.##
>.##** #....##.w@o......#*
...#.####...#..##a.......*
>l....#*#.......)o.......*
<###........##.........##*
##**......#..#...........*
,,,*#....##..#..........#*
,,,......,,...........$##
,,,.#...#*,...........##
,,,,#..#*,,..........##


You could see a worm, a hound, a worker ant, an orc priest and an orc.

Vanquished Creatures
  Blork the orc (D:4)
  2 orc priests (D:3)
  Natasha (thrice) (D:2)
  An orc wizard (D:3)
  A worker ant (D:4)
  8 adders
  4 gnolls (D:3)
  A shadow imp (D:3)
  2 oozes (D:3)
  2 worms (D:2)
  2 dart slugs
  4 leopard geckos
  10 orcs
  7 bats
  6 giant cockroaches
  4 goblins
  9 hobgoblins
  6 jackals
  2 quokkas (D:4)
  5 frilled lizards
  5 kobolds
  9 rats
94 creatures vanquished.

Notes
Turn   | Place    | Note
-------+----------+-------------------------------------------
     0 | D:1      | BlueFish the Octopode Warper began the quest for the Orb.
     0 | D:1      | Reached XP level 1. HP: 14/14 MP: 3/3
   260 | D:1      | Reached XP level 2. HP: 19/19 MP: 5/5
   366 | D:1      | Learned a level 2 spell: Shroud of Golubria
   369 | D:1      | Learned a level 2 spell: Blink
  1037 | D:1      | Reached XP level 3. HP: 12/24 MP: 1/6
  1281 | D:2      | Reached skill level 1 in Stealth
  1554 | D:2      | Noticed Natasha
  1563 | D:2      | Killed Natasha
  1563 | D:2      | Reached XP level 4. HP: 28/29 MP: 4/7
  1565 | D:2      | Noticed Natasha
  1575 | D:2      | Killed Natasha
  1575 | D:2      | Reached skill level 3 in Unarmed Combat
  2151 | D:2      | Reached XP level 5. HP: 33/35 MP: 5/8
  2244 | D:2      | Learned a level 3 spell: Lesser Beckoning
  2250 | D:2      | Noticed Natasha
  2297 | D:2      | Killed Natasha
  2798 | D:3      | Found a basalt altar of Yredelemnul.
  2811 | D:3      | Reached XP level 6. HP: 32/41 MP: 6/9
  3458 | D:3      | Reached skill level 4 in Unarmed Combat
  3681 | D:4      | Noticed Blork the orc
  3688 | D:4      | Killed Blork the orc
  3696 | D:4      | Reached skill level 1 in Charms
  3696 | D:4      | Reached XP level 7. HP: 28/45 MP: 8/10
  3701 | D:4      | Learned a level 3 spell: Teleport Other
  4101 | D:4      | Slain by a worker ant

Illustrated notes

Levels and vault maps discovered:
D:1:      dpeg_arrival_rooms_c, layout_loops_corners, minmay_tromino_v4_a
D:2:      layout_basic, uniq_natasha
D:3:      layout_loops_ring, old_standard_altar
D:4:      layout_cave_pools, minmay_temple_entry_nine_rooms, first_ration,
          uniq_blork_the_orc

Skill      XL: |  1  2  3  4  5  6  7 |
---------------+----------------------+-----
Stealth        | 2 3 |  3.8
Dodging        | 3 |  3.7
Unarmed Combat | 3 4 |  4.4
Charms         | 1 |  1.0
Fighting       | 3 |  3.0
Throwing       | |  1.9
Spellcasting   | |  2.5
Translocations | |  3.6

Action                   |  1- 3 |  4- 6 |  7- 9 || total
-------------------------+-------+-------+-------++-------
Melee: Unarmed           |    82 |   158 |    40 ||   280
       Constrict         |    21 |    40 |     9 ||    70
       Tentacles         |     8 |    33 |     1 ||    42
       Punch             |     3 |     7 |     1 ||    11
 Cast: Shroud of Golubri |     3 |    25 |     5 ||    33
  Use: Scroll            |       |    12 |     1 ||    13
       Potion            |       |       |     2 ||     2
 Stab: Sleeping          |     7 |     9 |       ||    16
       Distracted        |       |     1 |       ||     1
  Eat: Chunk             |     2 |     9 |       ||    11
Armor: Skin              |     4 |     8 |     2 ||    14
Dodge: Dodged            |    54 |   121 |    55 ||   230

Table legend:
 A = Non-vault XP
 B = Vault XP
 C = Vault XP percentage of total XP
 D = Non-vault monster count
 E = Vault monster count
 F = Vault count percentage of total count
                 A         B        C        D         E       F
            +---------+---------+-------+---------+---------+-------
      Total |     548 |     132 |  19.4 |      89 |       5 |   5.3
            +---------+---------+-------+---------+---------+-------
        D:1 |      30 |       6 |  16.7 |      19 |       3 |  13.6
        D:2 |     149 |      35 |  19.0 |      23 |       1 |   4.2
        D:3 |     280 |       0 |   0.0 |      37 |       0 |   0.0
        D:4 |      89 |      91 |  50.6 |      10 |       1 |   9.1
            +---------+---------+-------+---------+---------+-------
